 Dungeon Crawl Stone Soup version 0.24-a0-769-g368c164 (webtiles) character file.

Game seed: 16393427623246747012, levelgen mode: deterministic

183999 2tousent the Fetichist (level 18, -2/155 HPs)
             Began as a Hill Orc Monk on Oct 5, 2019.
             Was the Champion of Beogh.
             Killed from afar by a lindwurm (13 damage)
             ... with a blast of flame
             ... on level 4 of the Snake Pit on Oct 6, 2019.
             The game lasted 03:31:18 (36394 turns).

2tousent the Fetichist (Hill Orc Monk)             Turns: 36394, Time: 03:31:18

Health: -2/155     AC: 18    Str: 28    XL:     18   Next: 0%
Magic:  15/30      EV: 14    Int: 13    God:    Beogh [******]
Gold:   1529       SH: 22    Dex: 20    Spells: 17/17 levels left

rFire    + . .     SeeInvis .   a - +0 war axe (drain)
rCold    + . .     Gourm    .   v - +2 shield of Resistance {rF+ rC+ MR+}
rNeg     . . .     Faith    .   d - +1 chain mail
rPois    +         Spirit   .   B - +2 helmet {Int+3}
rElec    .         Reflect  +   l - scarf {cloud immunity}
rCorr    .         Harm     .   n - +0 pair of gloves of Going Fast {Dex+5}
MR       ++...                  (no boots)
Stlth    ..........             P - +4 amulet of reflection
HPRegen  0.35/turn              J - ring of poison resistance
MPRegen  0.22/turn              t - +6 ring of strength

@: no status effects
A: walk on water, agile 1, screaming 1, wild magic 1
}: 1/15 runes: decaying
a: Smiting, Recall Orcish Followers, Give Item to Named Follower, Resurrection,
Renounce Religion


You were on level 4 of the Snake Pit.
You worshipped Beogh.
Beogh was exalted by your worship.
You were not hungry.

You visited 6 branches of the dungeon, and saw 32 of its levels.
You also visited: Sewer, Ossuary and Gauntlet.

You collected 3295 gold pieces.
You spent 1766 gold pieces at shops.

Inventory:

Hand Weapons
 a - a +0 war axe of draining (weapon)
 b - a +1 vampiric war axe
 Q - the +6 flail "Ogreslayer" {freeze, Str+3}
   (You found it in a Gauntlet)

   It has been specially enchanted to freeze those struck by it, causing extra
   injury to most foes and up to half again as much damage against particularly
   susceptible opponents.
   It can also slow down cold-blooded creatures.
   It affects your strength (+3).
Missiles
 y - 16 silver javelins (quivered)
 F - 7 boomerangs of dispersal
 T - 5 throwing nets
Armour
 d - a +1 chain mail (worn)
 l - a scarf of cloud immunity (worn)
 n - the +0 pair of gloves of Going Fast (worn) {Dex+5}
   (You bought it in a shop on level 2 of the Orcish Mines)

   It affects your dexterity (+5).
 v - the +2 shield of Resistance (worn) {rF+ rC+ MR+}
   (You bought it in a shop on level 2 of the Orcish Mines)

   It protects you from fire.
   It protects you from cold.
   It affects your resistance to hostile enchantments.
 B - a +2 helmet of intelligence (worn)
Jewellery
 f - an uncursed ring of protection from fire
 t - a +6 ring of strength (right hand)
 J - a ring of poison resistance (left hand)
 P - a +4 amulet of reflection (around neck)
 S - an uncursed ring of see invisible
 U - an uncursed ring of protection from cold
Wands
 j - a wand of paralysis (2)
 p - a wand of acid (5)
 A - a wand of flame (6)
 C - a wand of random effects (8)
 G - a wand of polymorph (29)
 M - a wand of digging (9)
 O - a wand of iceblast (12)
Scrolls
 g - 6 scrolls of enchant weapon
 h - 15 scrolls of remove curse
 m - 14 scrolls of teleportation
 q - 3 scrolls of magic mapping
 r - 3 scrolls of fog
 s - 5 scrolls of fear
 E - 3 scrolls of blinking
 H - 3 scrolls of enchant armour
 I - 5 scrolls of amnesia
 L - 8 scrolls of identify
 N - a scroll of silence
 Y - a scroll of vulnerability
Potions
 e - 4 potions of berserk rage
 i - 14 potions of haste
 k - 5 potions of mutation
 o - 7 potions of heal wounds
 u - 5 potions of agility
 w - 6 potions of curing
 x - a potion of magic
 z - 2 potions of cancellation
 D - 4 potions of resistance
 K - 2 potions of invisibility
 V - 3 potions of flight
 Z - 2 potions of might
Miscellaneous
 R - a box of beasts
 W - a lamp of fire (inert)
 X - a lightning rod (4/4)
Comestibles
 c - 42 rations


   Skills:
 + Level 12.5 Fighting
 - Level 16.0 Axes
 + Level 12.1 Armour
 + Level 7.6 Dodging
 - Level 1.5 Stealth
 - Level 16.0 Shields
 + Level 17.9 Evocations


You had 17 spell levels left.
You didn't know any spells.
Your spell library contained the following spells:

 Spells                   Type           Power        Failure   Level  Hunger
 Animate Skeleton         Necr           N/A          83%         1    ##.....
 Apportation              Tloc           #.....       83%         1    ##.....
 Beastly Appendage        Tmut           #.....       83%         1    ##.....
 Confusing Touch          Hex            #.....       83%         1    ##.....
 Flame Tongue             Conj/Fire      #....        83%         1    ##.....
 Freeze                   Ice            #...         83%         1    ##.....
 Shock                    Conj/Air       #...         83%         1    ##.....
 Sting                    Conj/Pois      #...         83%         1    ##.....
 Summon Butterflies       Summ           #.......     83%         1    ##.....
 Summon Small Mammal      Summ           #...         83%         1    ##.....
 Ensorcelled Hibernation  Hex/Ice        #.....       92%         2    ###....
 Passwall                 Tmut/Erth      #.......     92%         2    ###....
 Poisonous Vapours        Pois/Air       #.....       92%         2    ###....
 Searing Ray              Conj           #.....       92%         2    ###....
 Swiftness                Chrm/Air       #.......     92%         2    ###....
 Throw Frost              Conj/Ice       #.....       92%         2    ###....
 Conjure Flame            Conj/Fire      #.......     99%         3    ####...
 Lesser Beckoning         Tloc           #.........   99%         3    ####...
 Mephitic Cloud           Conj/Pois/Air  #.......     99%         3    ####...
 Ozocubu's Armour         Chrm/Ice       #.......     99%         3    ####...
 Spider Form              Tmut/Pois      #.........   99%         3    ####...
 Static Discharge         Conj/Air       #.......     99%         3    ####...
 Tukima's Dance           Hex            #.......     99%         3    ####...
 Airstrike                Air            #.........   100%        4    #####..
 Cause Fear               Hex            #.........   100%        4    #####..
 Fulminant Prism          Conj/Hex       #.........   100%        4    #####..
 Passage of Golubria      Tloc           N/A          100%        4    #####..
 Petrify                  Tmut/Erth      #.......     100%        4    #####..
 Summon Ice Beast         Ice/Summ       #.......     100%        4    #####..
 Throw Icicle             Conj/Ice       #.......     100%        4    #####..
 Alistair's Intoxication  Tmut/Pois      #.......     100%        5    ######.
 Bolt of Draining         Conj/Necr      #.........   100%        5    ######.
 Borgnjor's Vile Clutch   Necr/Erth      #.........   100%        5    ######.
 Lee's Rapid Deconstruct  Erth           #.........   100%        5    ######.
 Lightning Bolt           Conj/Air       #.........   100%        5    ######.
 Silence                  Hex/Air        #.........   100%        5    ######.
 Yara's Violent Unravell  Hex/Tmut       #.........   100%        5    ######.
 Darkness                 Hex            #.........   100%        6    #######
 Deflect Missiles         Chrm/Air       #.........   100%        6    #######
 Freezing Cloud           Conj/Ice/Air   #.........   100%        6    #######
 Invisibility             Hex            #.......     100%        6    #######
 Shadow Creatures         Summ           N/A          100%        6    #######
 Ring of Flames           Chrm/Fire      #.........   100%        7    #######
 Discord                  Hex            #.........   100%        8    #######
 Ignition                 Fire           #.........   100%        8    #######
 Shatter                  Erth           #.........   100%        9    #######
 Tornado                  Air            #.........   100%        9    #######


Dungeon Overview and Level Annotations

Branches:
Dungeon (15/15)            Temple (1/1) D:7            Lair (6/6) D:10
  Swamp (4/4) Lair:4        Snake (4/4) Lair:4        Slime (0/5) Lair:6
    Orc (2/2) D:9             Elf (0/3) Orc:2        Vaults (0/5) D:13
 Depths (0/5) D:15          Sewer (visited)         Ossuary (visited)
Gauntlet (visited)

Altars:
Ashenzari
Dithmenos
Elyvilon
Kikubaaqudgha
Nemelex Xobeh
Okawaru
Ru
Sif Muna
Trog
Uskayaw
Vehumet
Wu Jian
Xom
Zin
The Shining One
Beogh
Jiyva

Shops:
D:8 *   D:10 *}=?   Orc:1 !   Orc:2 [*:((   Snake:3 (

Annotations:
D:3 Grinder


Innate Abilities, Weirdness & Mutations

You can walk on water.
You are agile. (Dex +2)
You occasionally shout uncontrollably at your foes.
Your spells are a little harder to cast, but a little more powerful.


Message History

...and a mature weirdsting beast leaps out!
The shock serpent shoots out a bolt of lightning at you!
The bolt of electricity hits Bogdar!!
The bolt of electricity hits you!
* * * LOW HITPOINT WARNING * * *
The bolt of electricity hits your neqoxec!!
The bolt of electricity hits your smoke demon!!
The naga sharpshooter is engulfed in blazing flames.
You kill the naga sharpshooter!
Beogh accepts your kill.
Beogh blesses Gorbash with healing.
You have reached level 18!
Your experience leads to an increase in your attributes!
Your base attributes are Str 21, Int 10, Dex 13.
Increase (S)trength, (I)ntelligence, or (D)exterity?
You feel stronger.
Bogdar hits the shock serpent with the +5 whip of the Silent Majority {antimagic, rC++ Dex+4}!!
The shock serpent dies!
Beogh accepts your kill. The lindwurm breathes flames at you.
The blast of flame hits Bogdar!!
The blast of flame hits you! You resist.
You die...

...# ≈§≈S.# ≈≈§N.S ≈≈≈§≈.#
##### ≈§§≈§N. ##...##
§≈§§§≈.##.H...##
≈≈§§§§N#oo.....#
≈§≈≈≈≈.o@3o....#
§§§≈≈§§#o33....#
§§§§§kN##o)...##### ##
≈§§§§.##o#...##...# .#
≈§≈§NS#3o)#####'#.# .##
≈§≈N.##.oo#≈≈≈)(#.# ..##
...(##...##≈≈§))#o# ...###
..###...##§≈§§)##o##
#....######.†..##≈.≈(§##.o.##


You could see a naga sharpshooter, a lindwurm, the friendly Garbold the orc
warlord, the friendly Wargrak the orc warlord, a friendly mature weirdsting
beast, the friendly Bogdar the orc knight, the friendly Gorbash the orc knight,
a friendly sun demon, a friendly smoke demon, a friendly neqoxec, a friendly orc
sorcerer and a friendly orc warrior.

Vanquished Creatures
  A thorn hunter (Swamp:3)
  Kirke (D:12)
  5 nagarajas
  An orc warlord (Orc:2)
  Azrael (Snake:1)
  A minotaur (Gauntlet)
  A dire elephant (Lair:6)
  An ettin (Orc:1)
  4 vault guards (D:13)
  Harold (D:8)
  2 naga warriors (Snake:4)
  The ghost of unum13 the Martial Artist, a journeyman DsTm of Nemelex Xobeh (Lair:1)
  7 hydras
  2 anacondas
  3 centaur warriors
  A shambling mangrove (Swamp:3)
  7 alligators
  A two-headed ogre (D:10)
  A death knight (D:14)
  An ogre mage (D:15)
  An orc high priest (Orc:2)
  5 naga sharpshooters
  2 shock serpents (Snake:4)
  Urug (D:12)
  Sonja (Lair:4)
  2 salamander mystics (Snake:4)
  A death drake (Gauntlet)
  A naga ritualist (Snake:3)
  An unseen horror (D:10)
  2 lindwurms (Snake:4)
  6 swamp dragons
  A necromancer (Swamp:1)
  A wolf spider zombie (D:15)
  A mana viper (Snake:3)
  2 deep elf magi
  An orc knight (Orc:1)
  A manticore (D:11)
  2 ugly things
  2 orc sorcerers (Orc:2)
  An oklob plant (Lair:5)
  4 elephants
  3 salamanders
  2 cyclopes
  12 black mambas
  A spectral centaur (Gauntlet)
  An eye of devastation (Gauntlet)
  7 naga magi
  2 guardian serpents
  6 spiny frogs
  A kobold demonologist (D:12)
  2 yaktaurs (D:15)
  5 komodo dragons
  A meliai (shapeshifter) (D:13)
  A queen bee (Lair:3)
  3 trolls
  2 tyrant leeches (Swamp:4)
  2 polar bears (Lair:3)
  A bog body (Lair:4)
  7 hornets
  8 slime creatures
  6 blink frogs
  4 hippogriffs
  2 spriggans
  2 wyverns
  2 shadows (Swamp:1)
  2 humans (D:13)
  Sigmund (D:4)
  3 basilisks
  A wraith (D:13)
  A neqoxec (Gauntlet)
  A tyrant leech zombie (Swamp:1)
  A chaos spawn (Gauntlet)
  A hungry ghost (D:13)
  18 yaks
  A hog (D:11)
  A golden eye (Gauntlet)
  3 vampire mosquitoes
  8 swamp worms
  4 wargs
  15 nagas
  A hell hound (Snake:1)
  5 water moccasins
  A floating eye (Gauntlet)
  Purgy (Sewer)
  6 orc warriors
  A slave (D:5)
  8 swamp drakes
  6 ice beasts
  4 black bears
  2 phantoms (D:4)
  A necrophage (D:14)
  2 sky beasts
  An eye of draining (D:8)
  14 ogres
  14 wolves
  16 centaurs
  6 crocodiles
  A big kobold (D:13)
  2 bullfrogs
  5 scorpions
  A water moccasin skeleton (D:10)
  17 killer bees
  6 electric eels
  A howler monkey (D:9)
  A crimson imp (D:13)
  2 orc priests
  2 hounds
  Crazy Yiuf (D:5)
  3 jellies
  A human zombie (Ossuary)
  4 orc wizards
  A bullfrog skeleton (D:13)
  4 iguanas
  2 worker ants
  Natasha (D:4)
  A big kobold zombie (Ossuary)
  2 mummies (Ossuary)
  5 adders
  2 gnolls (D:5)
  3 shadow imps
  An ooze (D:3)
  3 adder zombies (Ossuary)
  2 worms (D:2)
  A dart slug (D:2)
  4 leopard geckos
  13 orcs
  8 giant cockroaches
  4 goblins
  4 hobgoblins
  18 jackals
  16 kobolds
  A quokka (D:10)
  11 bats
  5 frilled lizards
  2 goblin zombies (Ossuary)
  5 hobgoblin zombies (Ossuary)
  3 jackal zombies (Ossuary)
  8 kobold zombies (Ossuary)
  A leopard gecko skeleton (D:4)
  12 orc zombies (Ossuary)
  9 rats
  A rat zombie (Ossuary)
  2 briar patches (Swamp:3)
  3 fungi
  2 plants (Lair:6)
522 creatures vanquished.

Vanquished Creatures (collateral kills)
  the Lernaean hydra (Swamp:4)
  Frances (Swamp:1)
  Urug (Swamp:3)
  3 nagarajas (Snake:4)
  An orc warlord (Swamp:4)
  Aizul (Swamp:2)
  The ghost of Ruutasot the Zephyrmancer, a journeyman TeAE of Vehumet (Snake:3)
  4 dire elephants (Lair:6)
  7 naga warriors
  3 vault guards (D:13)
  16 hydras
  2 shambling mangroves
  2 ghost crabs
  2 centaur warriors
  3 anacondas
  6 alligators
  4 two-headed ogres
  11 death yaks
  2 orc high priests (Orc:2)
  6 naga sharpshooters
  8 shock serpents
  6 salamander mystics
  A wizard (D:15)
  2 naga ritualists
  8 swamp dragons
  3 lindwurms
  Pikel (D:5)
  A deep elf mage (D:15)
  5 orc knights
  5 mana vipers
  4 ugly things
  3 orc sorcerers
  5 salamanders
  2 cyclopes
  4 centaur zombies
  Psyche (D:8)
  15 black mambas
  An elephant (Lair:6)
  11 naga magi
  2 guardian serpents (Snake:4)
  8 spiny frogs
  9 komodo dragons
  3 yaktaurs (D:15)
  A centaur skeleton (D:13)
  A hydra zombie (Swamp:1)
  3 trolls
  A meliai (D:15)
  A polar bear (shapeshifter) (D:13)
  6 hornets
  2 polar bears (Lair:3)
  5 tyrant leeches
  7 bog bodies
  14 slime creatures
  19 blink frogs
  6 dream sheep (Lair:6)
  5 hippogriffs
  3 shadows
  3 spriggans
  A vampire (D:15)
  Eustachio (D:4)
  4 hogs
  3 humans
  20 yaks
  2 basilisks
  A wyvern (D:15)
  3 fire elementals (Snake:1)
  A steam dragon (D:9)
  11 vampire mosquitoes
  Menkaure (D:5)
  2 swamp worms
  13 nagas
  4 wargs
  An acid dragon (D:15)
  4 hell hounds (Snake:1)
  10 water moccasins
  20 orc warriors
  8 ice beasts
  4 porcupines
  9 swamp drakes
  4 phantoms
  A black bear (D:7)
  An eye of draining (shapeshifter) (D:14)
  A sky beast (D:7)
  7 wolves
  5 ogres
  5 centaurs
  3 crocodiles
  A komodo dragon zombie (Swamp:1)
  9 bullfrogs
  A wyvern skeleton (D:13)
  A scorpion (D:10)
  5 killer bees
  A howler monkey (D:9)
  A jelly (D:5)
  An electric eel (Lair:5)
  2 crimson imps
  3 quasits
  A hound (D:11)
  An orc priest (Swamp:4)
  4 orc wizards
  A human zombie (Ossuary)
  Ijyb (D:5)
  5 worker ants
  Natasha (D:4)
  2 iguanas (D:10)
  A hound zombie (D:10)
  3 worker ant zombies
  2 gnolls (D:5)
  2 adders (D:11)
  A howler monkey skeleton (D:10)
  A shadow imp (D:7)
  An adder skeleton (D:9)
  A leopard gecko (D:6)
  24 orcs
  A giant cockroach (D:8)
  4 jackals
  4 quokkas
  A ball python skeleton (D:5)
  4 kobolds
  A leopard gecko zombie (D:5)
  A quokka skeleton (D:5)
  A briar patch (Swamp:3)
  36 fungi
  22 plants
564 creatures vanquished.

Vanquished Creatures (others)
  A vault guard (D:13)
  2 orc knights
  2 orc high priests
  5 naga sharpshooters
  7 orc warriors
  A cyclops (Orc:1)
  9 orc priests
  A human (D:12)
  A swamp drake (Swamp:4)
  3 centaurs
  6 orc wizards
  An adder (D:2)
  39 orcs
  A goblin (D:2)
  2 briar patches (Swamp:3)
  12 fungi
  16 plants
  3 toadstools (Swamp:3)
112 creatures vanquished.

Grand Total: 1198 creatures vanquished

Notes
Turn   | Place    | Note
-------+----------+-------------------------------------------
     0 | D:1      | 2tousent the Hill Orc Monk began the quest for the Orb.
     0 | D:1      | Reached XP level 1. HP: 19/19 MP: 1/1
    59 | D:1      | You fall into a shaft and drop 1 floor!
    62 | D:2      | Noticed an orc priest
    65 | D:2      | Became a worshipper of Beogh the Brigand
    65 | D:2      | Reached * piety under Beogh
    65 | D:2      | Reached ** piety under Beogh
    91 | D:2      | Reached XP level 2. HP: 26/26 MP: 2/2
   183 | D:1      | Reached skill level 5 in Axes
   552 | D:1      | Reached XP level 3. HP: 31/31 MP: 3/3
  1248 | D:3      | Reached XP level 4. HP: 37/39 MP: 4/4
  1272 | D:3      | You fall into a shaft and drop 1 floor!
  1298 | D:3      | Reached *** piety under Beogh
  1306 | D:3      | Reached XP level 5. HP: 25/45 MP: 5/5
  1995 | D:3      | Noticed Grinder
  2023 | D:4      | Noticed a phantom
  2023 | D:4      | Noticed a phantom
  2330 | D:4      | Killed a phantom
  2330 | D:4      | Reached skill level 1 in Evocations
  2330 | D:4      | Reached XP level 6. HP: 24/51 MP: 5/7
  2480 | D:4      | Killed a phantom
  2694 | D:4      | Reached skill level 2 in Evocations
  2825 | D:4      | Noticed Natasha
  2838 | D:4      | Killed Natasha
  2862 | D:4      | Noticed Sigmund
  2870 | D:4      | Killed Sigmund
  2870 | D:4      | Reached XP level 7. HP: 45/57 MP: 7/9
  2912 | D:4      | Noticed Natasha
  2921 | D:4      | Killed Natasha
  2996 | D:4      | Noticed Eustachio
  3017 | D:4      | Killed Eustachio
  3017 | D:4      | Reached skill level 10 in Axes
  3017 | D:4      | Reached skill level 3 in Evocations
  3379 | D:4      | Noticed Blork the orc
  3586 | D:5      | Entered Level 5 of the Dungeon
  3709 | D:5      | Reached XP level 8. HP: 42/64 MP: 10/10
  3731 | D:5      | Reached **** piety under Beogh
  3736 | D:5      | Reached skill level 4 in Evocations
  3743 | D:5      | Found a glowing golden altar of the Shining One.
  4001 | D:5      | Found a sand-covered staircase.
  4013 | Ossuary  | Entered an ossuary
  4576 | D:5      | Noticed Pikel
  4607 | D:5      | Killed Pikel
  4607 | D:5      | Reached skill level 5 in Evocations
  4636 | D:5      | Noticed Menkaure
  4636 | D:5      | Noticed Ijyb
  4639 | D:5      | Killed Ijyb
  4639 | D:5      | Reached XP level 9. HP: 30/70 MP: 13/13
  4644 | D:5      | Killed Menkaure
  4878 | D:5      | Found a runed translucent door.
  4879 | D:5      | Noticed Crazy Yiuf
  4896 | D:5      | Killed Crazy Yiuf
  5755 | D:6      | Found a glowing drain.
  5759 | Sewer    | Entered a sewer
  5771 | Sewer    | Gained Boderik as an ally
  5775 | Sewer    | Reached ***** piety under Beogh
  5821 | Sewer    | Noticed Purgy
  5832 | Sewer    | Killed Purgy
  5832 | Sewer    | Reached skill level 6 in Evocations
  6481 | D:7      | Found a shadowy altar of Dithmenos.
  6645 | D:7      | Found a staircase to the Ecumenical Temple.
  6665 | Temple   | Entered the Ecumenical Temple
  7169 | D:7      | Reached skill level 7 in Evocations
  7313 | D:8      | Noticed Psyche
  7419 | D:8      | Reached XP level 10. HP: 39/77 MP: 7/15
  7432 | D:8      | Found Nychips's General Store.
  7849 | D:8      | Reached skill level 15 in Axes
  7997 | D:8      | Killed Psyche
  8003 | D:8      | Bought a +0 shield of protection for 161 gold pieces
  8003 | D:8      | Bought a wand of iceblast (13) for 238 gold pieces
  8163 | D:8      | Gained Korbok as an ally
  8177 | D:8      | Noticed Harold
  8185 | D:8      | Killed Harold
  8185 | D:8      | Reached skill level 1 in Shields
  8444 | D:8      | Found a bloodstained altar of Trog.
  8507 | D:9      | Reached skill level 8 in Evocations
  8509 | D:9      | Your ally Korbok died
  9075 | D:9      | Found a roughly hewn altar of Beogh.
  9079 | D:9      | Found a staircase to the Orcish Mines.
  9493 | D:10     | Entered Level 10 of the Dungeon
  9589 | D:10     | Found Loyrchoaw's General Store.
  9721 | D:10     | Killed an unseen horror
  9774 | D:10     | Noticed a two-headed ogre
  9781 | D:10     | Killed a two-headed ogre
  9781 | D:10     | Reached skill level 5 in Shields
  9781 | D:10     | Reached skill level 9 in Evocations
  9781 | D:10     | Reached XP level 11. HP: 56/82 MP: 17/17
  9813 | D:10     | Found Umnayklo's Jewellery Shop.
  9839 | D:10     | Found Matutess's Magic Scroll Emporium.
  9852 | D:10     | Bought a scroll of magic mapping for 52 gold pieces
  9974 | D:10     | Found a staircase to the Lair.
  9982 | D:10     | Gained Wargrak as an ally
 10044 | D:10     | Noticed a two-headed ogre
 10049 | D:10     | Killed a two-headed ogre
 10365 | D:10     | Found Jivedootz's Gadget Shoppe.
 10655 | D:11     | Noticed a cyan ugly thing
 10669 | D:11     | Killed a cyan ugly thing
 10773 | D:11     | Noticed a cyclops
 10780 | D:11     | Killed a cyclops
 10780 | D:11     | Reached skill level 10 in Evocations
 10871 | D:11     | Found a sacrificial altar of Ru.
 11088 | D:11     | Noticed a cyan ugly thing
 11103 | D:11     | Killed a cyan ugly thing
 11281 | D:11     | Noticed a cyclops
 11289 | D:11     | Killed a cyclops
 11499 | D:11     | Reached skill level 1 in Armour
 11555 | D:11     | Noticed a manticore
 11562 | D:11     | Killed a manticore
 11874 | D:12     | Noticed Urug
 11883 | D:12     | Killed Urug
 11884 | D:12     | Noticed Kirke
 11896 | D:12     | Killed Kirke
 11896 | D:12     | Reached skill level 5 in Fighting
 11896 | D:12     | Reached XP level 12. HP: 90/94 MP: 18/20
 11966 | D:12     | Noticed a four-headed hydra
 11978 | D:12     | Killed a four-headed hydra
 11978 | D:12     | Reached skill level 11 in Evocations
 11979 | D:12     | Reached ****** piety under Beogh
 12203 | D:12     | Found a white marble altar of Elyvilon.
 12369 | Lair:1   | Entered Level 1 of the Lair of Beasts
 12465 | Lair:1   | Found a gate leading to a gauntlet.
 12490 | Gauntlet | Entered a Gauntlet
 12490 | Gauntlet | Found a transporter.
 12503 | Gauntlet | Found a transporter.
 12514 | Gauntlet | Found a transporter.
 12519 | Gauntlet | Found a transporter.
 12534 | Gauntlet | Found a transporter.
 12553 | Gauntlet | Found a transporter.
 12561 | Gauntlet | Found a large runed translucent door.
 12562 | Gauntlet | Found a large runed translucent door.
 12563 | Gauntlet | Found a large runed translucent door.
 12563 | Gauntlet | Found a large runed translucent door.
 12564 | Gauntlet | Found a runed translucent gate.
 12565 | Gauntlet | Found a transporter.
 12565 | Gauntlet | Found a runed translucent gate.
 12566 | Gauntlet | Found a runed translucent gate.
 12567 | Gauntlet | Found a large runed translucent door.
 12567 | Gauntlet | Found a large runed translucent door.
 12567 | Gauntlet | Noticed a four-headed hydra
 12568 | Gauntlet | Found a large runed translucent door.
 12569 | Gauntlet | Found a large runed translucent door.
 12577 | Gauntlet | Found a transporter.
 12579 | Gauntlet | Found a large runed translucent door.
 12579 | Gauntlet | Found a large runed translucent door.
 12579 | Gauntlet | Found a runed translucent door.
 12579 | Gauntlet | Found a runed translucent door.
 12580 | Gauntlet | Found a large runed translucent door.
 12581 | Gauntlet | Found a large runed translucent door.
 12583 | Gauntlet | Found a transporter.
 12583 | Gauntlet | Found a transporter.
 12597 | Gauntlet | Found the +3 pair of gauntlets of War {Slay+5}
 12598 | Gauntlet | Found a transporter.
 12598 | Gauntlet | Noticed a blizzard demon
 12608 | Gauntlet | Noticed a hell hog
 12610 | Gauntlet | Found a transporter.
 12627 | Gauntlet | Found a transporter.
 12645 | Gauntlet | Found a transporter.
 12647 | Gauntlet | Found a transporter.
 12673 | Gauntlet | Found a transporter.
 12675 | Gauntlet | Found a transporter.
 12695 | Gauntlet | Found a transporter.
 12769 | Gauntlet | Found a large runed translucent door.
 12769 | Gauntlet | Found a large runed translucent door.
 12770 | Gauntlet | Found a large runed translucent door.
 12771 | Gauntlet | Found a large runed translucent door.
 12912 | Gauntlet | Gained mutation: You tend to lose your temper in combat. [a
                  | neqoxec]
 12922 | Gauntlet | Identified the Almanac of Toxic Attacks
 12928 | Gauntlet | Lost mutation: You tend to lose your temper in combat.
                  | [potion of mutation]
 12928 | Gauntlet | Gained mutation: You occasionally shout uncontrollably at
                  | your foes. [potion of mutation]
 12928 | Gauntlet | Gained mutation: Your spells are a little harder to cast,
                  | but a little more powerful. [potion of mutation]
 12928 | Gauntlet | Gained mutation: You are agile. (Dex +2) [potion of
                  | mutation]
 12977 | Gauntlet | Paralysed by a floating eye for 4 turns
 12989 | Gauntlet | Reached skill level 5 in Armour
 13242 | Gauntlet | Gained Bogrim as an ally
 13343 | Gauntlet | Identified the +9 great sword "Iziepn" {venom, rF+}
 13343 | Gauntlet | Noticed a minotaur
 13346 | Gauntlet | Your ally Bogrim died
 13347 | Gauntlet | Killed a minotaur
 13549 | Gauntlet | Identified the Reference Book on Flying Transformation
 13576 | Gauntlet | Got a steaming flail
 13580 | Lair:1   | Identified the +6 flail "Ogreslayer" {freeze, Str+3} (You
                  | found it in a Gauntlet)
 13619 | Lair:1   | Reached skill level 10 in Shields
 13620 | Lair:1   | Found a runed translucent door.
 13620 | Lair:1   | Noticed unum13's ghost (journeyman DsTm)
 13658 | Lair:1   | Noticed a six-headed hydra
 13661 | Lair:1   | Killed a six-headed hydra
 13918 | Lair:1   | Reached skill level 12 in Evocations
 14417 | Lair:1   | Killed unum13's ghost
 14462 | Lair:2   | Reached XP level 13. HP: 88/99 MP: 22/22
 14479 | Lair:2   | Gained Korbok as an ally
 15894 | Lair:3   | Reached skill level 13 in Evocations
 16272 | Lair:3   | Got a jewelled chain mail
 16283 | Lair:3   | Identified the cursed +0 chain mail of the Queen {*Corrode
                  | MR+ Slay+3} (You found it on level 3 of the Lair of Beasts)
 16420 | Lair:3   | Gained Garbold as an ally
 17163 | Lair:4   | Found a staircase to the Swamp.
 17201 | Lair:4   | Noticed Sonja
 17202 | Lair:4   | Killed Sonja
 17467 | Lair:4   | Found a staircase to the Snake Pit.
 17968 | Lair:5   | Reached XP level 14. HP: 82/111 MP: 24/24
 18306 | Lair:5   | Got an ichor-stained dire flail
 18312 | Lair:5   | Identified the +10 dire flail of Bloody Death {flame,
                  | +Blink rN+ MR+ Int-4} (You found it on level 5 of the Lair
                  | of Beasts)
 18454 | Lair:6   | Entered Level 6 of the Lair of Beasts
 18511 | Lair:6   | Found a viscous altar of Jiyva.
 18512 | Lair:6   | Found a staircase to the Slime Pits.
 19238 | Lair:6   | Found a sparkling altar of Nemelex Xobeh.
 19250 | Lair:6   | Reached skill level 5 in Dodging
 20194 | Lair:6   | Reached skill level 14 in Evocations
 20487 | Lair:6   | Noticed a dire elephant
 20487 | Lair:6   | Noticed a dire elephant
 20492 | Lair:6   | Killed a dire elephant
 20493 | Lair:6   | Killed a dire elephant
 20633 | Lair:6   | Noticed a dire elephant
 20644 | Lair:6   | Killed a dire elephant
 20681 | Lair:6   | Noticed a dire elephant
 20691 | Lair:6   | Killed a dire elephant
 20704 | Lair:6   | Noticed a dire elephant
 20709 | Lair:6   | Killed a dire elephant
 20909 | Orc:1    | Entered Level 1 of the Orcish Mines
 20927 | Orc:1    | Found Behek's Distillery.
 21353 | Orc:2    | Entered Level 2 of the Orcish Mines
 21451 | Orc:2    | Found Fud Rerph's Antique Weapon Shoppe.
 21454 | Orc:2    | Paralysed by an orc sorcerer for 6 turns
 21605 | Orc:2    | Paralysed by an orc sorcerer for 7 turns
 21680 | Orc:2    | Noticed an orc warlord
 21691 | Orc:2    | Killed an orc warlord
 21788 | Orc:2    | Found Nenuer's Antique Weapon Shop.
 21816 | Orc:2    | Found Omynan's Book Shop.
 21838 | Orc:2    | Reached XP level 15. HP: 88/123 MP: 25/25
 21840 | Orc:2    | Found Adarghie's Antique Armour Boutique.
 21848 | Orc:2    | Found a staircase to the Elven Halls.
 22089 | Orc:2    | Found a roughly hewn altar of Beogh.
 22143 | Orc:2    | Found Dehumynu's General Store.
 22274 | Orc:2    | Bought a pair of distressingly furry gloves for 247 gold
                  | pieces
 22274 | Orc:2    | Bought the +2 shield of Resistance {rF+ rC+ MR+} for 1068
                  | gold pieces
 22274 | Orc:2    | Found the +2 shield of Resistance {rF+ rC+ MR+}
 22284 | Orc:2    | Identified the +0 pair of gloves of Going Fast {Dex+5} (You
                  | bought it in a shop on level 2 of the Orcish Mines)
 23171 | D:13     | Reached skill level 10 in Fighting
 23482 | D:13     | Found a gate to the Vaults.
 24065 | D:14     | Reached skill level 10 in Armour
 24277 | D:15     | Entered Level 15 of the Dungeon
 24461 | D:15     | Reached skill level 15 in Evocations
 24692 | D:15     | Found a staircase to the Depths.
 24768 | D:15     | Found a white marble altar of Elyvilon.
 24820 | D:15     | Gained Agrik as an ally
 25639 | Swamp:1  | Entered Level 1 of the Swamp
 25683 | Swamp:1  | Noticed Frances
 25694 | Swamp:1  | Killed Frances
 25694 | Swamp:1  | Reached skill level 15 in Shields
 25945 | Swamp:1  | Your ally Boderik died
 25946 | Swamp:1  | Reached XP level 16. HP: 107/132 MP: 27/27
 26589 | Swamp:2  | Noticed Aizul
 26604 | Swamp:2  | Killed Aizul
 26604 | Swamp:2  | Reached skill level 16 in Evocations
 27055 | Swamp:2  | Got a bloodstained whip
 27056 | Swamp:2  | Identified the +5 whip of the Silent Majority {antimagic,
                  | rC++ Dex+4} (You found it on level 2 of the Swamp)
 27712 | Swamp:3  | Noticed a thorn hunter
 27721 | Swamp:3  | Killed a thorn hunter
 28275 | Swamp:3  | Reached skill level 17 in Evocations
 28467 | Swamp:3  | Your ally died
 28648 | Swamp:4  | Entered Level 4 of the Swamp
 29039 | Swamp:4  | Noticed the 27-headed Lernaean hydra
 29042 | Swamp:4  | Killed the 27-headed Lernaean hydra
 29218 | Swamp:4  | Was placed under penance by Beogh
 29885 | Swamp:4  | Was forgiven by Beogh
 29921 | Swamp:4  | Gained Bogdar as an ally
 30999 | Swamp:4  | Got a decaying rune of Zot
 31002 | Swamp:4  | Your ally Korbok died
 31322 | Snake:1  | Entered Level 1 of the Snake Pit
 32014 | Snake:1  | Noticed Azrael
 32019 | Snake:1  | Killed Azrael
 32020 | Snake:1  | Reached XP level 17. HP: 111/142 MP: 29/29
 32680 | Snake:1  | You fall into a shaft and drop 1 floor!
 34181 | Snake:3  | Found Hatzaam's Antique Weapon Emporium.
 34215 | Snake:3  | Noticed Ruutasot's ghost (journeyman TeAE)
 34216 | Snake:3  | Found a runed translucent door.
 35280 | Snake:3  | Your ally Agrik died
 35323 | Snake:3  | Killed Ruutasot's ghost
 35354 | Snake:4  | Entered Level 4 of the Snake Pit
 36394 | Snake:4  | Gained Gorbash as an ally
 36394 | Snake:4  | Reached XP level 18. HP: 11/155 MP: 15/30
 36394 | Snake:4  | Killed from afar by a lindwurm

Levels and vault maps discovered:
D:1:      lemuel_arrival_rhombus, layout_basic, minmay_misc_feat_chi
D:2:      layout_basic
D:3:      layout_rooms, first_ration, uniq_grinder
D:4:      layout_basic, uniq_sigmund, uniq_eustachio, uniq_natasha,
          uniq_blork_the_orc
D:5:      layout_basic, tso_oasis_becter, enter_ossuary_1, uniq_pikel,
          uniq_menkaure, uniq_ijyb, uniq_crazy_yiuf_cottage
D:6:      black_bear_nest_2, layout_loops_ring, gup_sewer_entry_bowl
D:7:      layout_loops_ring, minmay_temple_entry_grid, grunt_dithmenos_smoke
D:8:      layout_cave_pools, serial_shops, shop, basic_altar, uniq_psyche,
          uniq_harold
D:9:      layout_basic, david_orc_5
D:10:     layout_irregular_city, david_lair_generic, serial_shops, shop,
          kennysheep_mini, kennysheep_little_box, nicolae_shop_trees
D:11:     layout_basic, basic_altar, grunt_livestock, minmay_statues_item,
          minivault_25
D:12:     layout_rooms, elyvilon_altar_3, uniq_kirke, uniq_urug
D:13:     layout_basic, ximxim_vaults_locker_room
D:14:     layout_loops_ring, minmay_misc_feat_nine_boxes, grunt_decor_cap
D:15:     grunt_enter_depths_magical_seal, layout_small_grid,
          lemuel_altar_in_water, st_stairs_8
Temple:   regret_index_temple_sigil_plot
Lair:1:   layout_regular_city, gauntlet_entry_generic,
          nicolae_volcano_entry_vermiform, ebering_ghost_inner_flame,
          fungi_pond_lemuel
Lair:2:   layout_small_grid, serial_bayou, serial_bayou_pond_a,
          serial_bayou_pond_a, serial_bayou_lagoon_a, serial_bayou_pond_d,
          serial_bayou_crossing
Lair:3:   layout_layer_cave, special_room [special_room_bee],
          portal_ice_cave_entry_ice_beasts, cheibrodos_lair_lostbears
Lair:4:   layout_roguey, skrybe_swamp_entry_bodies,
          minmay_snake_entry_guardpost_medium, infiniplex_staircase_pool,
          serial_bayou_shore_a, uniq_sonja
Lair:5:   dpeg_oklob_gauntlet, layout_concentric_octagons, serial_bayou_pond_b,
          nicolae_quartered_pool_super
Lair:6:   due_jungle_book, layout_gridlike, slime_altar_1, basic_altar
Swamp:1:  layout_falls_marsh, evilmike_swamp_ruin_rubble_1,
          nicolae_swamp_necromancer_hut, uniq_frances
Swamp:2:  layout_basic_swamp, evilmike_swamp_ruin_house_6,
          infiniplex_staircase_pool_2, uniq_aizul
Swamp:3:  cheibrodos_swamp_tower_of_moss, layout_falls_marsh,
          evilmike_swamp_ruin_house_5, swamp_pool5
Swamp:4:  swamp_old_school, layout_basic_swamp
Snake:1:  layout_chambers, uniq_azrael
Snake:2:  layout_basic
Snake:3:  layout_misc_corridors, ebering_ghost_inner_flame, serial_shops, shop
Snake:4:  snake_pit_salamanders_mu, layout_onion, grunt_megastairs_3,
          minmay_shop_star, uniq_vashnia
Orc:1:    cheibrodos_orc_guarddog, layout_caves, serial_shops, shop
Orc:2:    grunt_orc_gardens, layout_caves, grunt_orc_garden, grunt_orc_garden,
          grunt_orc_garden, grunt_orc_garden, serial_shops, nicolae_shop_trees,
          statue_in_the_mist_lemuel, bh_open_orc_temple

Skill      XL: |  1  2  3  4  5  6  7  8  9 10 11 12 13 14 15 16 17 |
---------------+----------------------------------------------------+-----
Axes           | 5 6 7 8 9 10 12 14 16 | 16.0
Evocations     | 1 2 3 5 7 9 10 12 13 14 15 17 | 17.9
Shields        | 5 8 10 12 13 15 16 | 16.0
Armour         | 3 5 6 8 10 12 | 12.1
Fighting       | 5 7 9 10 11 12 | 12.5
Dodging        | 3 5 6 7 |  7.6
Stealth        | |  1.5

Action                   |  1- 3 |  4- 6 |  7- 9 | 10-12 | 13-15 | 16-18 || total
-------------------------+-------+-------+-------+-------+-------+-------++-------
Melee: Hand axe          |   152 |   187 |   432 |     7 |       |       ||   778
       Unarmed           |       |       |     1 |       |       |       ||     1
       War axe           |       |       |       |   456 |   788 |   632 ||  1876
Invok: Convert to Beogh  |     1 |       |       |       |       |       ||     1
       Recall Orcish Fol |       |       |     6 |     9 |    23 |    11 ||    49
       Stop Recall       |       |       |     3 |     6 |    14 |    11 ||    34
       Give Item to Name |       |       |       |     1 |     5 |     1 ||     7
       Resurrection      |       |       |       |     1 |     2 |     1 ||     4
Evoke: Wand              |       |     2 |     4 |    20 |    54 |    43 ||   123
       Lightning rod     |       |       |       |    10 |    16 |    18 ||    44
       Phantom mirror    |       |       |       |       |       |     1 ||     1
       Lamp of fire      |       |       |       |       |       |     2 ||     2
       Box of beasts     |       |       |       |       |       |     1 ||     1
  Use: Scroll            |       |       |     9 |    14 |    10 |     5 ||    38
       Potion            |       |       |       |     2 |       |     4 ||     6
 Stab: Distracted        |       |       |     2 |     6 |    14 |     5 ||    27
       Paralysed         |       |       |       |       |     6 |     5 ||    11
       Confused          |       |       |       |       |       |     1 ||     1
  Eat: Chunk             |     1 |     6 |     9 |    16 |    28 |    12 ||    72
       Ration            |       |       |     1 |     2 |     3 |     7 ||    13
Armor: Chain mail        |   100 |    93 |   152 |   146 |   174 |   147 ||   812
Dodge: Dodged            |    49 |    51 |   135 |    75 |   165 |   187 ||   662
Block: Shield            |       |       |       |   265 |   626 |   619 ||  1510
       Reflection        |       |       |       |    13 |    37 |    58 ||   108

Table legend:
 A = Non-vault XP
 B = Vault XP
 C = Vault XP percentage of total XP
 D = Non-vault monster count
 E = Vault monster count
 F = Vault count percentage of total count
                 A         B        C        D         E       F
            +---------+---------+-------+---------+---------+-------
      Total |  159007 |   85278 |  34.9 |     739 |     264 |  26.3
            +---------+---------+-------+---------+---------+-------
        D:1 |      33 |       0 |   0.0 |      23 |       0 |   0.0
        D:2 |      57 |       0 |   0.0 |      28 |       0 |   0.0
        D:3 |     124 |       0 |   0.0 |      20 |       0 |   0.0
        D:4 |     490 |     381 |  43.7 |      11 |       3 |  21.4
        D:5 |     599 |     751 |  55.6 |      27 |       4 |  12.9
        D:6 |     312 |     108 |  25.7 |       7 |       2 |  22.2
        D:7 |    1069 |       0 |   0.0 |      16 |       0 |   0.0
        D:8 |    1148 |    1042 |  47.6 |      23 |       2 |   8.0
        D:9 |     648 |     380 |  37.0 |      12 |       6 |  33.3
       D:10 |    3950 |     812 |  17.1 |      27 |       4 |  12.9
       D:11 |    4537 |     674 |  12.9 |      34 |       5 |  12.8
       D:12 |    2963 |    2184 |  42.4 |      22 |       3 |  12.0
       D:13 |    8753 |    5918 |  40.3 |      43 |      11 |  20.4
       D:14 |    5897 |       0 |   0.0 |      24 |       0 |   0.0
       D:15 |    7021 |    3821 |  35.2 |      28 |      10 |  26.3
     Lair:1 |    3500 |    1515 |  30.2 |      19 |       3 |  13.6
     Lair:2 |    3752 |       0 |   0.0 |      25 |       0 |   0.0
     Lair:3 |    6252 |    2836 |  31.2 |      17 |      27 |  61.4
     Lair:4 |    3835 |    2020 |  34.5 |      19 |      10 |  34.5
     Lair:5 |    5398 |    1713 |  24.1 |      28 |       3 |   9.7
     Lair:6 |   19071 |    2411 |  11.2 |      71 |       5 |   6.6
    Swamp:1 |    9163 |    2492 |  21.4 |      26 |       5 |  16.1
    Swamp:2 |    5270 |    1288 |  19.6 |      17 |       1 |   5.6
    Swamp:3 |   10339 |    2030 |  16.4 |      27 |       4 |  12.9
    Swamp:4 |   10102 |   13131 |  56.5 |      37 |      23 |  38.3
    Snake:1 |   12302 |    2100 |  14.6 |      32 |       9 |  22.0
    Snake:2 |   13635 |       0 |   0.0 |      28 |       0 |   0.0
    Snake:3 |    9871 |    1142 |  10.4 |      22 |       2 |   8.3
    Snake:4 |    5153 |   26569 |  83.8 |      10 |      44 |  81.5
      Orc:1 |    2371 |     532 |  18.3 |       6 |       4 |  40.0
      Orc:2 |    1392 |    5258 |  79.1 |      10 |      20 |  66.7
      Sewer |       0 |     114 | 100.0 |       0 |       6 | 100.0
    Ossuary |       0 |     177 | 100.0 |       0 |      39 | 100.0
   Gauntlet |       0 |    3879 | 100.0 |       0 |       9 | 100.0
            +---------+---------+-------+---------+---------+-------
